Map: Kairos Junction LE

Players

liquidthermy (uThermal) - Winner!

  • Race: Terran Terran
  • Spawn Location: 5:00

goblin

  • Race: Protoss Protoss
  • League: Master
  • Spawn Location: 11:00

Event: 2019 WCS Winter Europe

VOD

Have the link to the VOD?

Description

Time

  • Played on: Jan. 31, 2019, 9:16 a.m.
  • Length: 13:18

All games in this series

Show
View Real Time Build Order
Export as new Build Order

liquidthermy Terran - Winner!

Build Orders: Cyclone Opening 

Get SALT Encoding   

  12  0:01  SCV  
  13  0:13  SCV  
  14  0:17  Supply Depot  
  14  0:25  SCV  
  15  0:38  SCV  
  15  0:39  Barracks  
  16  0:45  Refinery  
  16  0:51  SCV  
  16  0:54  Refinery  
  17  1:03  SCV  
  18  1:15  SCV  
  19  1:26  Reaper  
  19  1:27  Orbital Command  
  19  1:30  Supply Depot  
  20  1:46  Factory  
  20  1:52  SCV  
  21  2:04  SCV  
  22  2:16  SCV  
  23  2:24  Command Center  
  23  2:25  Barracks Reactor  
  23  2:29  SCV  
  24  2:30  Factory Tech Lab  
  24  2:41  SCV  
  24  2:49  Cyclone  
  27  2:53  SCV  
  27  2:56  Supply Depot  
  28  3:03  Starport  
  28  3:04  Marine  
  28  3:05  SCV  
  30  3:08  Marine  
  31  3:18  SCV  
  32  3:23  Marine  
  32  3:25  Marine  
  37  3:30  SCV  
  35  3:36  Orbital Command  
  35  3:41  Factory Tech Lab  
  35  3:42  SCV  
  36  3:53  Starport Reactor  
  36  3:54  SCV, Barracks  
  36  3:55  Barracks  
  37  3:56  Marine  
  37  3:57  Stimpack  
  37  4:01  SCV  
  39  4:05  Siege Tank  
  39  4:08  SCV  
  43  4:13  SCV  
  43  4:14  Marine  
  45  4:20  Engineering Bay  
  45  4:22  SCV  
  46  4:25  SCV  
  46  4:26  Supply Depot  
  47  4:32  Marine  
  47  4:34  SCV  
  47  4:37  Bunker  
  47  4:38  SCV  
  50  4:41  Siege Tank  
  50  4:42  Starport Reactor  
  50  4:44  Marine  
  51  4:45  Marine  
  51  4:46  SCV  
  51  4:51  Terran Infantry Weapons Level 1  
  54  4:53  SCV  
  54  4:56  Marine  
  54  4:57  Marine, Refinery  
  54  4:59  SCV  
  56  5:01  Marine  
  56  5:05  SCV, Supply Depot  
  57  5:07  Marine  
  57  5:11  SCV  
  57  5:13  Siege Tank  
  62  5:19  SCV  
  62  5:21  Marine, Supply Depot  
  61  5:26  SCV, Marine  
  64  5:29  Marine x2  
  64  5:31  SCV  
  64  5:33  Medivac  
  69  5:38  SCV  
  69  5:42  Marine  
  71  5:44  Supply Depot  
  71  5:47  Medivac  
  71  5:48  SCV, Marine  
  73  5:51  Missile Turret  
  73  5:52  Missile Turret  
  73  5:55  Marine  
  73  5:57  Marine  
  73  6:00  Combat Shield  
  73  6:02  Marine  
  73  6:03  Marine, Refinery  
  76  6:07  SCV  
  76  6:08  SCV  
  76  6:09  Marine  
  79  6:15  Siege Tank  
  79  6:18  Marine  
  83  6:19  SCV, Marine  
  83  6:22  SCV  
  83  6:25  Marine  
  83  6:30  Marine  
  83  6:31  SCV  
  83  6:36  Missile Turret  
  83  6:38  Marine  
  83  6:39  Bunker  
  84  6:42  Missile Turret  
  84  6:48  SCV  
  84  6:53  SCV  
  86  6:54  Liberator  
  86  6:56  Siege Tank  
  86  7:00  SCV, Marine  
  77  7:03  Marine x2  
  77  7:04  Marine x2  
  78  7:09  Bunker  
  78  7:11  Bunker  
  78  7:13  SCV  
  82  7:18  Terran Infantry Armor Level 1, Marine  
  82  7:21  Marine  
  83  7:28  Siege Tank, Marine  
  87  7:35  Marine x2  
  87  7:37  Marine  
  87  7:38  SCV  
  87  7:42  Missile Turret  
  87  7:43  Marine  
  90  7:45  Bunker  
  90  7:46  Marine  
  91  7:53  Marine x2  
  91  7:54  Supply Depot  
  93  8:04  Bunker  
  93  8:05  Marine  
  94  8:07  Medivac  
  93  8:13  Marine  
  93  8:15  Medivac, Siege Tank, Marine x2  
  93  8:18  Marine  
  102  8:20  Supply Depot  
  102  8:23  Marine  
  101  8:31  Marine  
  102  8:39  Marine x2  
  104  8:41  Marine x2  
  104  8:46  Medivac  
  104  8:48  Medivac  
  110  8:52  Marine  
  110  8:53  Command Center  
  111  8:59  Marine  
  111  9:01  Marine  
  111  9:02  Siege Tank  
  116  9:07  Supply Depot  
  115  9:12  Marine  
  116  9:18  Barracks x2  
  116  9:22  Marine  
  117  9:25  Marine  
  117  9:28  Medivac, Marine x2  
  118  9:32  Marine  
  118  9:35  Medivac  
  110  9:40  Marine  
  110  9:43  Marine  
  107  9:46  Marine x2  
  107  9:48  Siege Tank  
  107  9:50  Marine  
  113  9:55  SCV x2  
  113  9:57  Marine  
  116  10:01  Marine  
  116  10:04  Marine  
  118  10:11  Marine  
  118  10:15  Supply Depot  
  118  10:16  Marine  
  118  10:20  Siege Tank  
  123  10:23  Marine  
  123  10:26  SCV, Marine  
  122  10:28  Orbital Command  
  122  10:32  Barracks Tech Lab x2  
  122  10:39  SCV  
  122  10:40  SCV  
  122  10:41  Marauder, Marine  
  124  10:43  Marine  
  124  10:45  Marine  
  126  10:52  SCV  
  126  10:53  Armory  
  126  10:55  SCV x2  
  131  11:04  Factory, Siege Tank  
  131  11:05  SCV  
  131  11:07  SCV  
  131  11:10  SCV  
  134  11:16  Marine  
  134  11:17  SCV  
  135  11:21  SCV, Marauder, Marine  
  135  11:24  Refinery  
  135  11:25  SCV, Supply Depot, Marine, Refinery  
  139  11:26  Marauder  
  139  11:29  Marine  
  139  11:30  Marauder  
  145  11:35  Marine  
  145  11:38  Supply Depot  
  144  11:40  Liberator  
  144  11:42  Marine  
  144  11:43  Marauder  
  144  11:44  Liberator  
  144  11:47  Marauder, Siege Tank, Marine  
  137  11:51  Marauder  
  137  11:52  Factory Tech Lab  
  137  11:53  Marine x2  
  144  12:03  Marine  
  144  12:04  Marauder  
  150  12:12  Siege Tank, Marine  
  150  12:13  Marauder  
  150  12:14  Marine x2  
  158  12:20  Marine  
  157  12:25  Marauder, Marine  
  157  12:27  Supply Depot  
  159  12:34  Marauder  
  167  12:40  Medivac  
  169  12:48  Supply Depot  
  169  12:49  Sensor Tower  
Show
View Real Time Build Order
Export as new Build Order

goblin Protoss 

Build Orders: 1 Gate Expand, Phoenix Opening, Mass Phoenix, Colossus Rush 

Get SALT Encoding   

  12  0:00  Probe  
  13  0:12  Probe  
  14  0:19  Pylon  
  14  0:24  Probe  
  15  0:33  Probe  
  15  0:38  Gateway  
  15  0:41  Probe  
  16  0:46  Assimilator  
  17  0:51  Probe  
  18  1:04  Probe  
  19  1:16  Probe  
  20  1:27  Cybernetics Core  
  20  1:35  Nexus  
  20  1:42  Pylon  
  20  1:45  Probe  
  21  1:52  Assimilator  
  21  1:55  Adept  
  21  1:57  Probe  
  22  2:05  Probe  
  24  2:13  Probe  
  25  2:23  Probe  
  25  2:25  Stargate  
  26  2:35  Stalker, Probe  
  29  2:47  Warp Gate, Probe  
  29  2:48  Probe  
  31  2:59  Probe  
  31  3:01  Probe  
  31  3:03  Phoenix  
  33  3:12  Probe  
  36  3:15  Pylon  
  36  3:19  Stalker, Probe  
  39  3:24  Phoenix  
  41  3:36  Probe  
  41  3:37  Shield Battery  
  41  3:39  Probe  
  41  3:40  Assimilator  
  43  3:41  Phoenix, Assimilator  
  43  3:53  Probe  
  45  3:56  Probe  
  45  4:01  Probe  
  47  4:05  Pylon  
  47  4:06  Phoenix  
  47  4:08  Probe  
  51  4:10  Probe  
  51  4:17  Robotics Facility  
  52  4:20  Probe  
  52  4:23  Probe  
  54  4:31  Phoenix  
  54  4:32  Probe  
  54  4:35  Probe  
  58  4:42  Sentry  
  58  4:45  Probe  
  61  4:49  Pylon  
  61  4:50  Probe, Pylon  
  62  5:00  Observer  
  62  5:06  Robotics Bay  
  62  5:07  Phoenix  
  65  5:11  Gateway  
  65  5:12  Probe x2, Gateway  
  67  5:17  Observer  
  68  5:25  Immortal  
  68  5:30  Pylon  
  68  5:31  Phoenix  
  68  5:33  Pylon  
  70  5:38  Adept  
  76  5:47  Colossus  
  76  5:56  Phoenix  
  78  5:59  Zealot  
  78  6:01  Forge, Pylon  
  80  6:10  Adept x2  
  90  6:24  Phoenix  
  92  6:27  Adept  
  94  6:34  Shield Battery x2  
  94  6:36  Pylon  
  94  6:38  Immortal, Adept x2  
  102  6:52  Observer  
  102  6:53  Phoenix  
  82  7:04  Adept x3  
  82  7:08  Colossus  
  82  7:13  Gateway x2  
  82  7:18  Phoenix  
  90  7:36  Adept  
  90  7:37  Adept x2  
  94  7:43  Phoenix  
  97  7:50  Colossus  
  97  7:51  Protoss Ground Weapons Level 1  
  96  7:52  Gateway  
  96  7:58  Zealot  
  96  8:01  Pylon  
  102  8:12  Phoenix  
  98  8:25  Adept  
  98  8:26  Adept x3  
  104  8:35  Adept  
  104  8:37  Phoenix  
  108  8:52  Pylon x2  
  108  8:54  Pylon  
  108  9:02  Gateway  
  108  9:14  Adept x4  
  108  9:15  Adept x2  
  120  9:21  Twilight Council  
  120  9:34  Extended Thermal Lance  
  120  9:37  Resonating Glaives  
  80  9:42  Adept x4  
  80  9:45  Disruptor  
  83  9:50  Sentry  
  85  9:57  Adept  
  87  10:05  Adept x3  
  93  10:10  Disruptor  
  93  10:12  Adept  
  95  10:34  Adept x4  
  103  10:41  Adept  
  103  10:42  Adept  
  107  10:45  Pylon  
  107  11:00  Adept x4  
  113  11:25  Adept  
  113  11:26  Adept x3  
  113  11:27  Adept  
  120  11:41  Observer  
  120  11:42  Observer  
  120  11:45  Warp Prism  
  100  11:52  Sentry x5  
  101  11:54  Phoenix  
  108  12:39  Phoenix  
  108  12:41  Adept  
  108  12:42  Adept x6  
Tags
 
Add a new tag
Caveats
  • Supply blocks, unpowered buildings, or Contaminate may cause inaccurate times.
  • Supply counts are checked every 10 seconds.